 Dungeon Crawl Stone Soup version 0.20.0-6-gd3061e9 (webtiles) character file.

2097 tv1990 the Slicer (level 9, -2/57 HPs)
             Began as a Formicid Enchanter on May 28, 2017.
             Was an Initiate of Dithmenos.
             Slain by an orc warrior
             ... wielding a cursed +0 glaive
              (14 damage)
             ... on level 6 of the Dungeon.
             The game lasted 00:21:04 (6827 turns).

tv1990 the Slicer (Formicid Enchanter)              Turns: 6827, Time: 00:21:05

Health: -2/57      AC:  6    Str: 13    XL:     9   Next: 52%
Magic:  8/12       EV: 12    Int: 15    God:    Dithmenos [......]
Gold:   273        SH:  0    Dex: 14    Spells: 6/12 levels left

rFire    . . .     SeeInvis +   z - +2 dagger (venom)
rCold    . . .     Gourm    .   (no shield)
rNeg     . . .     Faith    .   j - +2 robe {MR+}
rPois    .         Spirit   .   (helmet unavailable)
rElec    .         Reflect  .   p - +0 cloak
rCorr    .         Harm     .   y - +0 pair of gloves
MR       +....                  (no boots)
Stlth    +++++.....             (no amulet)
Regen    0.2/turn               v - ring of stealth
MPRegen  0.2/turn               (no ring)

@: drained
A: permanent stasis, dig shafts and tunnels, four strong arms, antennae 3
a: Dig, Shaft Self, Renounce Religion


You were on level 6 of the Dungeon.
You worshipped Dithmenos.
Dithmenos was noncommittal.
You were hungry.

You visited 2 branches of the dungeon, and saw 7 of its levels.
You also visited: Sewer.

You collected 273 gold pieces.

Inventory:

Hand Weapons
 b - a +0 blowgun
 s - a +0 rapier
 z - a +2 dagger of venom (weapon)
 F - a +0 short sword of speed
Missiles
 g - 21 poisoned needles
 t - 2 poisoned tomahawks (quivered)
 u - a throwing net
Armour
 j - a +2 robe of magic resistance (worn)
 p - a +0 cloak (worn)
 y - a +0 pair of gloves (worn)
Jewellery
 v - a ring of stealth (left hand)
Wands
 k - a wand of lightning (4/15)
Scrolls
 e - 3 scrolls of identify
 f - a scroll of fog
 h - 2 scrolls of amnesia
 n - a scroll of enchant weapon
 A - a scroll of remove curse
 G - a scroll of summoning {unknown}
Potions
 m - 3 potions of might
 o - 5 potions of heal wounds
 q - 2 potions of degeneration
 r - 2 potions of haste
 w - 2 potions of agility
 x - a potion of berserk rage
 B - 2 potions of lignification
 C - 5 potions of flight {unknown}
 D - a potion of brilliance {unknown}
 E - 2 potions of curing {unknown}
Books
 c - a book of Maledictions

   Spells                             Type                      Level
   a - Corona                         Hexes                        1
   b - Ensorcelled Hibernation        Hexes/Ice                    2
   c - Confuse                        Hexes                        3
   d - Tukima's Dance                 Hexes                        3
   e - Dazzling Spray                 Conjuration/Hexes            3
Comestibles
 d - 5 bread rations
 i - a meat ration
 l - 4 royal jellies


   Skills:
 * Level 9.8 Short Blades
 - Level 1.7 Dodging
 + Level 9.6(9.5) Stealth
 - Level 2.1 Spellcasting
 - Level 3.6(3.5) Hexes


You had 6 spell levels left.
You knew the following spells:

 Your Spells              Type           Power        Failure   Level  Hunger
a - Corona                Hex            ##.....      4%          1    #......
b - Ensorcelled Hibernat  Hex/Ice        #.....       16%         2    ###....
c - Confuse               Hex            ##......     16%         3    ###....


Dungeon Overview and Level Annotations

Branches:
Dungeon (6/15)             Temple (1/1) D:6

Altars:
Ashenzari
Cheibriados
Dithmenos
Elyvilon
Fedhas
Gozag
Hepliaklqana
Kikubaaqudgha
Makhleb
Nemelex Xobeh
Okawaru
Qazlal
Ru
Sif Muna
Trog
Uskayaw
Vehumet
Xom
Yredelemnul
Zin
The Shining One


Innate Abilities, Weirdness & Mutations

You cannot be hasted, slowed, berserked, paralysed or teleported.
You can dig through walls and to a lower floor.
Your four strong arms can wield two-handed weapons with a shield.
You have a pair of large antennae on your head. (SInv)


Message History

Aiming: Ensorcelled Hibernation
Press: ? - help, Shift-Dir - straight line, f - orc priest
Aim: an orc priest, wielding a short sword (chance to defeat MR: 37%)
The orc priest looks drowsy...
The orc hits you. The orc warrior closely misses you.
The helpless orc priest fails to defend itself.
You perforate the orc priest like a sieve!!!
You kill the orc priest!
Dithmenos accepts your kill.
The orc warrior hits you with a glaive!!
* * * LOW HITPOINT WARNING * * *
The orc hits you.
* * * LOW HITPOINT WARNING * * *
Casting: Ensorcelled Hibernation
Confirm with . or Enter, or press ? or * to list all spells.
Aiming: Ensorcelled Hibernation
Press: ? - help, Shift-Dir - straight line, f - orc warrior
Aim: an orc warrior, wielding a glaive and wearing a chain mail (chance to defeat MR: 37%)
The orc warrior easily resists.
The orc warrior hits you with a glaive!
You die...

..####.........
...............
..##...#......
##.###..... ####
##.####..... ###..##
#.#.#.#).... ####.....##
##.#.#[#..(. .....$)o..#
#######..). .......@o.##
###... ...........##
##....< ............####
#......
...............###......
......................#.
......................##
.................<....##
..............#....<..##
............#......#


You could see an orc warrior and an orc.

Vanquished Creatures
  Pikel (D:4)
  Sigmund (D:4)
  Menkaure (D:4)
  Edmund (D:6)
  An ice beast (D:5)
  An orc warrior (D:6)
  A centaur (D:6)
  A big kobold (Sewer)
  A bullfrog (D:3)
  2 wights (D:6)
  A howler monkey (D:6)
  2 crimson imps
  A quasit (D:6)
  A jelly (D:4)
  A centaur skeleton (D:5)
  3 orc priests
  4 orc wizards (D:4)
  Crazy Yiuf (D:2)
  A worker ant (D:5)
  A worker ant zombie (D:5)
  3 gnolls (D:4)
  A river rat (D:6)
  8 adders
  A shadow imp (D:5)
  An ooze (Sewer)
  8 worms
  4 dart slugs
  2 leopard geckos
  13 orcs
  6 ball pythons
  11 bats
  7 giant cockroaches
  5 goblins
  8 hobgoblins
  2 jackals (D:1)
  30 kobolds
  3 quokkas
  3 frilled lizards
  A jackal skeleton (D:4)
  A leopard gecko zombie (D:6)
  19 rats
164 creatures vanquished.

Vanquished Creatures (others)
  2 orcs (D:4)
2 creatures vanquished.

Grand Total: 166 creatures vanquished

Notes
Turn   | Place    | Note
-------+----------+-------------------------------------------
     0 | D:1      | tv1990 the Formicid Enchanter began the quest for the Orb.
     0 | D:1      | Reached XP level 1. HP: 13/13 MP: 3/3
    61 | D:1      | Reached XP level 2. HP: 3/19 MP: 5/5
    65 | D:1      | Learned a level 2 spell: Ensorcelled Hibernation
   519 | D:1      | Reached XP level 3. HP: 10/24 MP: 1/6
  1377 | D:1      | Learned a level 3 spell: Confuse
  1628 | D:2      | Reached XP level 4. HP: 23/30 MP: 7/7
  1666 | D:2      | Found a shimmering altar of Xom.
  2271 | D:2      | Found a runed door.
  2462 | D:2      | Noticed Crazy Yiuf
  2466 | D:2      | Killed Crazy Yiuf
  2466 | D:2      | Reached XP level 5. HP: 35/35 MP: 3/8
  2563 | D:3      | Reached skill level 5 in Stealth
  3001 | D:3      | Noticed a bullfrog
  3010 | D:3      | Killed a bullfrog
  3010 | D:3      | Reached XP level 6. HP: 25/41 MP: 4/9
  3393 | D:3      | Reached skill level 5 in Short Blades
  3788 | D:4      | Reached XP level 7. HP: 39/46 MP: 10/10
  3929 | D:4      | Noticed Menkaure
  3934 | D:4      | Noticed Pikel
  3960 | D:4      | Killed Menkaure
  4016 | D:4      | Killed Pikel
  4016 | D:4      | Reached XP level 8. HP: 18/52 MP: 4/11
  4281 | D:4      | Noticed Sigmund
  4288 | D:4      | Killed Sigmund
  4854 | D:5      | Entered Level 5 of the Dungeon
  5086 | D:5      | Reached XP level 9. HP: 57/57 MP: 8/12
  5471 | D:6      | Noticed Edmund
  5511 | D:6      | Killed Edmund
  5716 | D:6      | Found a glowing drain.
  5761 | Sewer    | Entered a sewer
  6315 | D:6      | Found a staircase to the Ecumenical Temple.
  6331 | Temple   | Entered the Ecumenical Temple
  6653 | Temple   | Became a worshipper of Dithmenos the Shadowed
  6827 | D:6      | Slain by an orc warrior

Skill      XL: |  1  2  3  4  5  6  7  8  9 |
---------------+----------------------------+-----
Stealth        | 4 5 6 7 8 9 |  9.6
Short Blades   | 2 3 4 5 7 8 9 |  9.8
Dodging        | |  1.7
Spellcasting   | |  2.1
Hexes          | |  3.6

Action                   |  1- 3 |  4- 6 |  7- 9 || total
-------------------------+-------+-------+-------++-------
Melee: Dagger            |   181 |   206 |   254 ||   641
 Cast: Ensorcelled Hiber |     2 |    17 |    15 ||    34
       Confuse           |       |       |    11 ||    11
 Abil: Dig               |     1 |     2 |     3 ||     6
  Use: Scroll            |     7 |     4 |     4 ||    15
       Potion            |       |       |     2 ||     2
 Stab: Sleeping          |     4 |    22 |    31 ||    57
       Distracted        |       |     1 |       ||     1
       Confused          |       |       |     3 ||     3
  Eat: Chunk             |     3 |     8 |     7 ||    18
       Meat ration       |       |       |     1 ||     1
Armor: Robe              |    34 |    44 |    36 ||   114
       Skin              |       |       |    20 ||    20
Dodge: Dodged            |   110 |    87 |    80 ||   277

Vault maps used:
D:1:      matt_arrival_grand_opening, serial_forest,
          infiniplex_forest_clump_small, infiniplex_forest_lined_2,
          infiniplex_forest_clump_medium, infiniplex_forest_clump_double,
          infiniplex_forest_clump_medium, infiniplex_forest_lined_ring,
          infiniplex_forest_clump_small, minivault_4
D:2:      first_bread, xom_teletrap_fun, uniq_crazy_yiuf_cottage
D:4:      uniq_pikel, uniq_sigmund, uniq_menkaure
D:6:      minmay_temple_entry_statues_pillars, portal_sewer_entry_c, uniq_edmund
Temple:   nicolae_temple_the_god_donut
Sewer:    kennysheep_pipe_town
